 Dungeon Crawl Stone Soup version 0.32-a0-868-g153ae1a8d6 (webtiles) character file.

Game seed: 10784788014280537513

14008 bronco the Warmonger (level 11, -5/94 HPs)
             Began as a Mountain Dwarf Fighter on Mar 28, 2024.
             Was a High Priest of Okawaru.
             Slain by a boulder beetle (9 damage)
             ... on level 12 of the Dungeon.
             The game lasted 00:30:37 (13675 turns).

bronco the Warmonger (Mountain Dwarf Fighter)      Turns: 13675, Time: 00:30:37

Health: -5/94      AC: 12    Str: 32    XL:     11   Next: 83%
Magic:  6/6        EV:  6    Int: 21    God:    Okawaru [*****.]
Gold:   836        SH: 17    Dex:  9    Spells: 10/10 levels left

rFire   . . .        y - +4 hammer of the Seven Scars {antimagic, Str+5 Int+4}
rCold   . . .        j - +2 kite shield
rNeg    . . .        l - +0 plate armour {Will+}
rPois   .            (no helmet)
rElec   .            B - +0 cloak
rCorr   .            (no gloves)
SInv    .            (no boots)
Will    ++...        F - amulet of reflection Stlth
                     t - +6 ring of strength
HPRegen 0.35/turn    h - +6 ring of intelligence
MPRegen 0.10/turn

%: reflection
@: no status effects
A: runic magic, artefact enchanting
a: Renounce Religion, Heroism, Finesse, Duel


You were on level 12 of the Dungeon.
You worshipped Okawaru.
Okawaru was extremely pleased with you.
You visited 2 branches of the dungeon, and saw 13 of its levels.

You collected 836 gold pieces.

Inventory:

Hand Weapons
 a - a +0 war axe
 f - a +0 orcbow
 w - the +4 hand axe of Theory {holy, Dex+5}
   (You found it on level 3 of the Dungeon)

   Dex+5:     It affects your dexterity (+5).
 y - the +4 hammer of the Seven Scars (weapon) {antimagic, Str+5 Int+4}
   (You found it on level 3 of the Dungeon)

   Str+5:     It affects your strength (+5).
   Int+4:     It affects your intelligence (+4).
 z - a +0 shortbow
 A - the +6 hammer of Ycison {freeze, Fly rF+ Dex+3}
   (You found it on level 3 of the Dungeon)

   Dex+3:     It affects your dexterity (+3).
   rF+:       It protects you from fire.
   Fly:       It grants you flight.
 K - a +3 battleaxe
Missiles
 p - 109 stones
 q - 4 javelins
 u - 7 throwing nets
 D - 10 boomerangs (quivered)
 E - 10 poisoned darts
 I - 6 silver javelins
Armour
 j - a +2 kite shield (worn)
 l - a +0 plate armour of willpower (worn)
 B - a +0 cloak (worn)
Magical Staves
 L - a staff of cold
 N - a staff of earth
Jewellery
 d - an amulet of guardian spirit
 h - a +6 ring of intelligence (right hand)
 t - a +6 ring of strength (left hand)
 F - an amulet of reflection (around neck)
 O - a ring of resist corrosion
 Q - an amulet of regeneration
Wands
 b - a wand of flame (8)
 k - a wand of charming (16)
 m - a wand of polymorph (38)
 G - a wand of digging (12)
Scrolls
 c - 3 scrolls of identify
 e - a scroll of immolation
 s - a scroll of revelation
 v - 6 scrolls of teleportation
 C - 2 scrolls of fog
 H - a scroll of amnesia
 J - 2 scrolls of vulnerability
 R - a scroll of noise {unknown}
 S - a scroll of silence
Potions
 g - a potion of brilliance
 i - 2 potions of lignification
 n - 2 potions of haste
 o - 2 potions of magic
 r - 3 potions of cancellation
 x - 4 potions of curing
 M - 3 potions of attraction
 P - a potion of ambrosia


   Skills:
 - Level 7.9 Fighting
 - Level 11.3(13.2) Axes
 - Level 11.3(13.3) Maces & Flails
 - Level 3.2 Armour
 - Level 10.1 Shields
 + Level 11.6 Invocations


You had 10 spell levels left.
You didn't know any spells.
Your spell library contained the following spells:

 Spells                   Type           Power      Damage    Failure   Level
 Lee's Rapid Deconstruct  Erth           0%         3d4*      100%        5
 Eringya's Noxious Bog    Alch           0%         4d6       100%        6
 Summon Ice Beast         Ice/Summ       Unusable   N/A       N/A         3
 Animate Armour           Summ/Erth      Unusable   N/A       N/A         4
 Summon Lightning Spire   Summ/Air       Unusable   N/A       N/A         4
 Summon Forest            Summ/Tloc      Unusable   N/A       N/A         5
 Summon Mana Viper        Hex/Summ       Unusable   N/A       N/A         5
 Monstrous Menagerie      Summ           Unusable   N/A       N/A         7
 Summon Hydra             Summ           Unusable   N/A       N/A         7

Dungeon Overview and Level Annotations

Branches:
Dungeon (12/15)            Temple (1/1) D:7            Lair (0/5) D:11
    Orc (0/2) D:10

Altars:
Ashenzari
Cheibriados
Dithmenos
Elyvilon
Fedhas
Gozag
Hepliaklqana
Kikubaaqudgha
Makhleb
Nemelex Xobeh
Okawaru
Qazlal
Ru
Sif Muna
Trog
Uskayaw
Vehumet
Wu Jian
Xom
Yredelemnul
Zin
The Shining One

Shops:
D:9 (

Annotations:
D:9 2 transporters, gosagan's ghost, novice VSBr


Innate Abilities, Weirdness & Mutations

Your spellcasting is much less encumbered by armour.
You can use scrolls of enchantment on lesser artefacts.


Message History

The boulder beetle is severely wounded.
The boulder beetle leaps!
You see here a throwing net.
u - 7 throwing nets (gained 1)
The boulder beetle leaps!
There is a stone staircase leading down here.
Things that are here:
a +0 scale mail; a +0 scimitar; the orc skeleton of Urug
There is a stone staircase leading up here.
You start resting.
A boulder beetle is nearby!
You are too injured to fight recklessly!
Throw: 10 boomerangs
Press: ? - help, Q - select action, (/) - cycle Shift-Dir - straight line, f/p - boulder beetle
Aim: a boulder beetle (severely wounded, 88% to hit)
You throw a boomerang.
The boomerang hits the boulder beetle but does no damage.
The boulder beetle is severely wounded.
The boulder beetle curls into a ball and begins rolling!
Throw: 10 boomerangs
Press: ? - help, Q - select action, (/) - cycle Shift-Dir - straight line, f/p - boulder beetle
Aim: a boulder beetle (severely wounded, rolling, 88% to hit)
You throw a boomerang.
The boomerang barely misses the boulder beetle.
Unknown command.
Throw: 10 boomerangs
Press: ? - help, Q - select action, (/) - cycle Shift-Dir - straight line, f/p - boulder beetle
Aim: a boulder beetle (severely wounded, rolling, 88% to hit)
You throw a boomerang.
The boomerang hits the boulder beetle but does no damage.
The boulder beetle is severely wounded.
You hit the boulder beetle.
The boulder beetle is severely wounded.
The boulder beetle hits you!!
* * * LOW HITPOINT WARNING * * *
The boulder beetle stops rolling and uncurls.
You hit the boulder beetle but do no damage.
The boulder beetle is severely wounded.
The boulder beetle bites you!
You die...

#....!.# .... ....####...
##......##.... ... ###
.............. ..
.............. .
.........B....
######'######################
.............................
.........BE####)............○
..........○####.@B[.>....#
.........................#
.............................
#############################


You could see a boulder beetle.

Vanquished Creatures
  An ogre mage (D:11)
  A boulder beetle (D:11)
  3 two-headed ogres (D:11)
  Urug (D:12)
  Pikel (D:6)
  A deep elf pyromancer (D:12)
  5 trolls
  Grinder (D:6)
  A wyvern (D:9)
  2 wraiths
  10 yaks
  2 shadows (D:10)
  3 steam dragons
  A basilisk (D:9)
  6 vampire mosquitoes (D:11)
  Edmund (D:6)
  2 acid dragons
  4 water moccasins
  6 orc warriors
  A swamp drake (D:10)
  2 sky beasts
  A black bear (D:3)
  2 ogres (D:5)
  4 centaurs
  A kobold brigand (D:9)
  3 bullfrogs (D:6)
  3 gnoll sergeants (D:8)
  2 scorpions
  8 wights
  A killer bee (D:9)
  A bombardier beetle (D:5)
  A howler monkey (D:11)
  3 jellies
  10 orc priests
  6 hounds
  Crazy Yiuf (D:3)
  2 gnoll boudas
  4 iguanas
  3 sleepcaps
  Jessica (D:3)
  3 orc wizards (D:5)
  29 gnolls
  7 adders
  A white imp (D:5)
  4 ufetubi (D:6)
  2 dart slugs
  39 orcs
  5 ball pythons
  7 endoplasms
  2 giant cockroaches (D:3)
  9 goblins
  8 hobgoblins
  12 jackals
  4 quokkas
  8 bats
  A frilled lizard (D:2)
  11 kobolds
  2 rats
266 creatures vanquished.

Vanquished Creatures (others)
  A manticore (D:11)
  A gnoll bouda (D:6)
2 creatures vanquished.

Grand Total: 268 creatures vanquished

Notes
Turn   | Place    | Note
-------+----------+-------------------------------------------
     0 | D:1      | bronco the Mountain Dwarf Fighter began the quest for the
                  | Orb.
     0 | D:1      | Reached XP level 1. HP: 19/19 MP: 1/1
   168 | D:1      | Reached XP level 2. HP: 26/26 MP: 2/2
   970 | D:2      | Reached XP level 3. HP: 26/31 MP: 3/3
  1897 | D:3      | Noticed a black bear
  1903 | D:3      | Killed a black bear
  1904 | D:3      | Reached XP level 4. HP: 25/38 MP: 4/4
  2032 | D:3      | Reached XP level 5. HP: 29/45 MP: 5/5
  2345 | D:3      | Identified the +4 hand axe of Theory {holy, Dex+5}
  2430 | D:3      | Noticed Jessica
  2435 | D:3      | Killed Jessica
  2528 | D:3      | Reached XP level 6. HP: 51/51 MP: 6/6
  2915 | D:3      | Identified the +2 hammer of the Seven Scars {antimagic,
                  | Str+5 Int+4}
  2918 | D:3      | Found a runed translucent door.
  2918 | D:3      | Identified the +6 hammer of Ycison {freeze, Fly rF+ Dex+3}
  2920 | D:3      | Noticed Crazy Yiuf
  2930 | D:3      | Killed Crazy Yiuf
  3370 | D:4      | Found a white marble altar of Elyvilon.
  4211 | D:4      | You fall into a shaft and drop 2 floors!
  4350 | D:5      | Entered Level 5 of the Dungeon
  4350 | D:5      | Found an ornate altar of the Wu Jian Council.
  4359 | D:5      | Reached XP level 7. HP: 7/57 MP: 2/7
  4823 | D:5      | Reached skill level 10 in Axes
  5304 | D:5      | Reached XP level 8. HP: 63/63 MP: 2/8
  5660 | D:6      | Reached skill level 5 in Shields
  6070 | D:6      | Noticed Pikel
  6085 | D:6      | HP: 2/63 [Pikel/+1 whip of electrocution (13)]
  6093 | D:6      | Killed Pikel
  6094 | D:6      | Reached XP level 9. HP: 15/70 MP: 0/9
  6351 | D:6      | Noticed Edmund
  6357 | D:6      | Noticed Grinder
  6616 | D:6      | Killed Grinder
  6793 | D:6      | Killed Edmund
  6794 | D:6      | Reached skill level 10 in Shields
  6878 | D:7      | Found a staircase to the Ecumenical Temple.
  6905 | Temple   | Entered the Ecumenical Temple
  7036 | D:7      | Reached skill level 5 in Fighting
  7692 | D:7      | Found a broken altar of Ashenzari.
  7694 | D:7      | Found an iron altar of Okawaru.
  7726 | D:7      | Became a worshipper of Warmaster Okawaru
  8260 | D:8      | Reached skill level 1 in Maces & Flails
  8260 | D:8      | Reached XP level 10. HP: 54/88 MP: 3/10
  8363 | D:8      | Found a radiant altar of Vehumet.
  8394 | D:8      | Found a basalt altar of Yredelemnul.
  9023 | D:9      | Reached * piety under Okawaru
  9083 | D:9      | Reached skill level 5 in Maces & Flails
  9341 | D:9      | Found a transporter.
  9349 | D:9      | Noticed a manticore
  9350 | D:9      | Noticed gosagan's ghost (novice VSBr)
  9350 | D:9      | Noticed a moth of wrath
  9410 | D:9      | Found a transporter.
  9491 | D:9      | Found Xidoaxar's Antique Weapon Boutique.
  9551 | D:9      | Reached ** piety under Okawaru
  9783 | D:9      | Found a glowing silver altar of Zin.
  9795 | D:9      | Found a sacrificial altar of Ru.
 10400 | D:10     | Entered Level 10 of the Dungeon
 10579 | D:10     | Found a hide-covered altar of Uskayaw.
 10768 | D:10     | Reached *** piety under Okawaru
 10769 | D:10     | Reached skill level 10 in Maces & Flails
 10986 | D:10     | Found a staircase to the Orcish Mines.
 11358 | D:10     | Reached XP level 11. HP: 47/94 MP: 2/11
 11594 | D:10     | Found a burning altar of Makhleb.
 12221 | D:11     | Reached skill level 1 in Invocations
 12263 | D:11     | Noticed a boulder beetle
 12278 | D:11     | Killed a boulder beetle
 12380 | D:11     | Reached **** piety under Okawaru
 12381 | D:11     | Reached skill level 5 in Invocations
 12462 | D:11     | Noticed an ogre mage
 12468 | D:11     | Killed an ogre mage
 12643 | D:11     | Noticed a two-headed ogre
 12654 | D:11     | Killed a two-headed ogre
 12770 | D:11     | Reached ***** piety under Okawaru
 12842 | D:11     | Noticed a two-headed ogre
 12852 | D:11     | Killed a two-headed ogre
 12919 | D:11     | Found a staircase to the Lair.
 12927 | D:11     | Reached skill level 10 in Invocations
 13040 | D:11     | Noticed a two-headed ogre
 13050 | D:11     | Killed a two-headed ogre
 13191 | D:12     | Noticed Urug
 13210 | D:12     | Killed Urug
 13274 | D:12     | Noticed a boulder beetle
 13275 | D:12     | Noticed a deep elf pyromancer
 13608 | D:12     | Killed a deep elf pyromancer
 13674 | D:12     | HP: 4/94 [boulder beetle (23)]
 13675 | D:12     | Slain by a boulder beetle

Illustrated notes

Levels and vault maps discovered:
D:1:      giann_wishing_wells, layout_basic
D:2:      layout_basic, nicolae_eternal_life, serial_bayou_pond_e, minivault_27
D:3:      layout_basic, uniq_jessica, uniq_crazy_yiuf_cottage
D:4:      layout_loops_corners, elyvilon_altar_1
D:5:      minmay_diamond_boxcup, layout_cave_pools,
          mainiacjoe_overflow_boulevard, minmay_misc_feat_alley
D:6:      layout_basic, serial_glass, glass_columns_c, glass_columns_c,
          amcnicky_mini_rare_corridor_liquid, uniq_edmund, uniq_pikel,
          uniq_grinder
D:7:      layout_basic, minitemple, minmay_temple_entry_tees
D:8:      layout_cave_pools, overflow_temple_1_default, marbit_many_paths,
          serial_gnoll_camp, gnoll_camp_mini_hut, gnoll_camp_mini_house,
          gnoll_camp_mini_basic, gnoll_camp_medium_02
D:9:      layout_loops_ring, amethyst_overflow_temple_binary, serial_shops,
          nicolae_shop_tiny_real_fake_doors, gammafunk_ghost_berserking_beasts,
          st_stairs_11
D:10:     layout_loops_ring, mainiacjoe_overflow_alcove_1,
          mainiacjoe_overflow_brackets, erik_orc_1
D:11:     layout_roguey, grunt_ogre_cave, minmay_checkerbox
D:12:     layout_stronghold, uniq_urug
Temple:   hc_temple_tempest_star

Skill      XL: |  1  2  3  4  5  6  7  8  9 10 11 |
---------------+----------------------------------+-----
Axes           | 3 4 6 7 9 11 | 11.3
Shields        | 8 10 | 10.1
Fighting       | 7 |  7.9
Maces & Flails | 1 11 | 11.3
Invocations    | 11 | 11.6
Armour         | |  3.2

Action                     |  1- 3 |  4- 6 |  7- 9 | 10-12 || total
---------------------------+-------+-------+-------+-------++-------
  Melee: War axe           |    96 |    71 |   207 |       ||   374
         Mace              |       |    98 |   203 |   529 ||   830
  Throw: Javelin           |     2 |       |       |       ||     2
         Stone             |       |       |     5 |    16 ||    21
         Boomerang         |       |       |    28 |    66 ||    94
         Throwing net      |       |       |     3 |    13 ||    16
         Dart              |       |       |     2 |     4 ||     6
 Invoke: Heroism           |       |       |       |     1 ||     1
  Evoke: Wand              |       |       |       |     1 ||     1
    Use: Potion            |       |     1 |     9 |     2 ||    12
         Scroll            |       |       |    17 |     7 ||    24
   Stab: Distracted        |       |       |     1 |       ||     1
         Invisible         |       |       |     4 |       ||     4
         Held in net/web   |       |       |       |     2 ||     2
 Armour: Chain mail        |    56 |       |       |       ||    56
         Scale mail        |     5 |       |       |       ||     5
         Plate armour      |    38 |   156 |   382 |   250 ||   826
  Dodge: Dodged            |    32 |    41 |   107 |    70 ||   250
  Block: Buckler           |    19 |    25 |    69 |       ||   113
         Kite shield       |       |       |    87 |   384 ||   471
         Reflection        |       |       |     2 |     7 ||     9

Table legend: (Time is in decaauts)
 A = Elapsed time spent in this place.
 B = Non-inter-level travel time spent in this place.
 C = Inter-level travel time spent in this place.
 D = Time resting spent in this place.
 E = Time spent auto-exploring this place.
 F = Levels seen in this place.
 G = Mean time per level.
                   A        B        C        D        E       F      G
               +--------+--------+--------+--------+--------+-----+--------+
         Total |  13701 |  13244 |    457 |   2283 |   8478 |  13 | 1053.9 |
       Dungeon |  13636 |  13211 |    425 |   2272 |   8478 |  12 | 1136.3 |
        Temple |     64 |     32 |     32 |     11 |      0 |   1 |   64.0 |
               +--------+--------+--------+--------+--------+-----+--------+

Top non-repeatable levels by time:
    D:10: 1666 daAuts
     D:6: 1547 daAuts
     D:9: 1475 daAuts
    D:11: 1298 daAuts
     D:3: 1267 daAuts
     D:7: 1229 daAuts
     D:4: 1118 daAuts
     D:5: 1018 daAuts
     D:2: 974 daAuts
     D:1: 955 daAuts
     D:8: 900 daAuts
    D:12: 186 daAuts
  Temple: 64 daAuts
